 Dungeon Crawl Stone Soup version 0.29-a0-506-ga2e7fffb44 (webtiles) character file.

Game seed: 13189326165949117928

30 elagabalus the Firebug (level 3, -2/26 HPs)
             Began as a Hill Orc Fire Elementalist on May 28, 2022.
             Slain by an adder (3 damage)
             ... on level 1 of the Dungeon.
             The game lasted 00:13:11 (1192 turns).

elagabalus the Firebug (Hill Orc Fire Elementalist) Turns: 1192, Time: 00:13:11

Health: -2/26      AC:  4    Str: 10    XL:     3   Next: 18%
Magic:  5/5        EV: 12    Int: 17    God:
Gold:   69         SH:  0    Dex: 11    Spells: 2/5 levels left

rFire   . . .      SeeInvis .   r - +2 short sword (drain)
rCold   . . .      Faith    .   (no shield)
rNeg    . . .      Spirit   .   a - +0 robe
rPois   .          Reflect  .   (no helmet)
rElec   .          Harm     .   (no cloak)
rCorr   .          Rampage  .   i - +1 pair of gloves
Will    .....                   (no boots)
Stlth   ++........              (no amulet)
HPRegen 0.08/turn               (no ring)
MPRegen 0.09/turn               (no ring)

@: no status effects
A: no striking features
a: no special abilities


You were on level 1 of the Dungeon.
You visited 1 branch of the dungeon, and saw 2 of its levels.

You collected 69 gold pieces.

Inventory:

Hand Weapons
 h - a +0 whip
 r - a +2 short sword of draining (weapon)
Missiles
 e - 41 stones
Armour
 a - a +0 robe (worn)
 i - a +1 pair of gloves (worn)
Scrolls
 c - a scroll of fear {unknown}
 f - a scroll of teleportation
 j - 2 scrolls of blinking {unknown}
 n - a scroll of magic mapping {unknown}
Potions
 b - a potion of magic
 k - a potion of flight
 l - a potion of degeneration
 m - a potion of haste
 o - a potion of curing {unknown}
 p - a potion of resistance
 q - a potion of might {unknown}


   Skills:
 - Level 1.5 Dodging
 - Level 1.5 Stealth
 + Level 1.7 Spellcasting
 - Level 1.0 Conjurations
 - Level 4.5 Fire Magic


You had 2 spell levels left.
You knew the following spells:

 Your Spells              Type           Power      Damage    Failure   Level
a - Foxfire               Conj/Fire      40%        2x1d6     6%          1
b - Scorch                Fire           32%        2d6       4%          2

Your spell library contained the following spells:

 Spells                   Type           Power      Damage    Failure   Level
 Conjure Flame            Conj/Fire      10%        6-21      19%         3
 Inner Flame              Hex/Fire       9%         N/A       24%         3
 Ozocubu's Armour         Ice            1%         N/A       52%         3
 Flame Wave               Conj/Fire      10%        2d5       54%         4
 Ozocubu's Refrigeration  Ice            0%         4d5       100%        7


Dungeon Overview and Level Annotations

Branches:
Dungeon (2/15)

Altars:

Annotations:
D:2 Robin


Message History

Found a short sword.
There is a stone staircase leading down here.
You climb downwards.
There is a stone staircase leading up here.
As you read the scroll labelled CAINONLAECH, it crumbles to dust.
It is a scroll of identify.
k - a potion of flight
As you read the scroll of identify, it crumbles to dust.
l - a potion of degeneration
As you read the scroll of identify, it crumbles to dust.
m - a potion of haste
As you read the scroll of identify, it crumbles to dust.
p - a potion of resistance
As you read the scroll labelled NOISIW NIATH, it crumbles to dust.
You feel strangely unstable.
It was a scroll of teleportation.
Okay, then.
You climb upwards.
There is a stone staircase leading down here.
Your surroundings suddenly seem different.
There is a stone staircase leading down here.
You climb downwards.
The goblin shouts! x3; The hobgoblin shouts!
The goblin shouts!
The gnoll shouts! x2; The goblin shouts!
The adder hisses angrily.
Robin shouts!
The goblin shouts! x2
The adder closely misses you.
The gnoll shouts!
The goblin shouts!
There is a stone staircase leading up here.
The adder bites you.
Robin's bangles clink loudly.
The gnoll closely misses you. x3; The goblin barely misses you.
The adder bites you.
You climb upwards.
There is a stone staircase leading down here.
The goblin attacks as you move away! The goblin hits you with a +0 dagger.
The gnoll hits you but does no damage. The gnoll hits you with a +0 spear!
The adder bites you.
The gnoll hits you from afar with a +0 spear!
* * * LOW HITPOINT WARNING * * *
The adder attacks as you move away! The adder bites you.
You die...

#)##......<......#.####......# #.
#.##.............#.# #.####.# #.
#..#.............### #.####.###.
..#######.#.###### #.#........
####.# #...##...# #........##
#.## #.#.##...# #.#..#...#
#..###...##gg.# #........## ##
#.#.##.>.##.g.######.#...#..##
.###...##...#..S@....##........##
..#.....#.#.#.......[......#.....
........#...#........####.#.##.##
..#.....#.#.##...##### #.#.##.##
.###...##...##...# #.#.##.##
....#[####.###...# #.#.##.#
....#.# #.......##### #......#
###.#.# ######......# ###...##
.##.#.# ######.# ###.# #


You could see 2 gnolls, an adder and a goblin.

Vanquished Creatures
  4 endoplasms (D:1)
  4 goblins (D:1)
  5 hobgoblins (D:1)
  2 jackals (D:1)
  5 kobolds (D:1)
  4 ball pythons (D:1)
  2 rats (D:1)
26 creatures vanquished.

Vanquished Creatures (others)
  19 foxfires (D:1)
19 creatures vanquished.

Grand Total: 45 creatures vanquished

Notes
Turn   | Place    | Note
-------+----------+-------------------------------------------
     0 | D:1      | elagabalus the Hill Orc Fire Elementalist began the quest
                  | for the Orb.
     0 | D:1      | Reached XP level 1. HP: 14/14 MP: 3/3
   271 | D:1      | Reached XP level 2. HP: 20/20 MP: 0/4
   275 | D:1      | Learned a level 2 spell: Scorch
   338 | D:1      | Reached skill level 4 in Fire Magic
   743 | D:1      | Reached XP level 3. HP: 21/26 MP: 0/5
  1187 | D:2      | Noticed Robin
  1191 | D:1      | HP: 1/26 [gnoll/+0 spear (8)]
  1192 | D:1      | Slain by an adder

Illustrated notes

Levels and vault maps discovered:
D:1:      lemuel_arrival_hallway, layout_loops_cross, minmay_pentomino_p4
D:2:      layout_loops_ring, serial_shops, shop, grunt_ministairs_3, uniq_robin

Skill      XL: |  1  2 |
---------------+-------+-----
Fire Magic     | 4 |  4.5
Dodging        | |  1.5
Stealth        | |  1.5
Spellcasting   | |  1.7
Conjurations   | |  1.0

Action                   || total
-------------------------++-------
Melee: Dagger            ||     1
 Cast: Foxfire           ||    10
       Scorch            ||    19
  Use: Scroll            ||     5
Armor: Robe              ||     9
Dodge: Dodged            ||    36

Table legend: (Time is in decaauts)
 A = Elapsed time spent in this place.
 B = Non-inter-level travel time spent in this place.
 C = Inter-level travel time spent in this place.
 D = Time resting spent in this place.
 E = Time spent auto-exploring this place.
 F = Levels seen in this place.
 G = Mean time per level.
                   A        B        C        D        E       F      G
               +--------+--------+--------+--------+--------+-----+--------+
         Total |   1190 |    399 |    791 |      0 |      0 |   2 |  595.0 |
       Dungeon |   1190 |    399 |    791 |      0 |      0 |   2 |  595.0 |
               +--------+--------+--------+--------+--------+-----+--------+

Top non-repeatable levels by time:
     D:1: 1182 daAuts
     D:2: 8 daAuts
